 Dungeon Crawl Stone Soup version 0.20-a0-828-gbdc6353 (webtiles) character file.

10727 Bleys the Unseen (level 11, -8/55 HPs)
             Began as a Spriggan Enchanter on Mar 6, 2017.
             Was an Elder of Dithmenos.
             Killed from afar by an iron dragon (44 damage)
             ... with a spray of metal splinters
             ... on level 10 of the Dungeon.
             The game lasted 00:46:31 (16035 turns).

Bleys the Unseen (Spriggan Enchanter)              Turns: 16035, Time: 00:46:32

Health: -8/55      AC:  6    Str:  4    XL:     11   Next: 40%
Magic:  21/24      EV: 31    Int: 19    God:    Dithmenos [****..]
Gold:   1453       SH:  0    Dex: 23    Spells: 9/26 levels left

rFire    + . .     SeeInvis +   n - +2 dagger (venom)
rCold    . . .     Gourm    .   N - +1 robe {MR+}
rNeg     . . .     Faith    .   (shield restricted)
rPois    .         Spirit   .   g - +2 hat
rElec    .         Reflect  .   K - +0 cloak
rCorr    .         Harm     .   (gloves unavailable)
MR       +++..                  (boots unavailable)
Stlth    ++++++++++             (no amulet)
Regen    0.2/turn               r - ring of protection from magic
MPRegen  0.2/turn               q - ring of protection from fire

@: agile, wreathed by umbra, very quick
A: unfitting armour, see invisible, herbivore 3, speed 3, slow metabolism 2
a: Shadow Step, Renounce Religion


You were on level 10 of the Dungeon.
You worshipped Dithmenos.
Dithmenos was greatly pleased with you.
You were not hungry.

You visited 2 branches of the dungeon, and saw 11 of its levels.
You also visited: Sewer and Bailey.

You collected 1453 gold pieces.

Inventory:

Hand Weapons
 a - a +1 dagger
 e - a +0 dagger of speed
 l - a +0 hunting sling
 n - a +2 dagger of venom (weapon)
 M - a +4 dagger
 Q - a +0 blowgun
Missiles
 x - 81 sling bullets
 J - 5 throwing nets (quivered)
 P - 42 poisoned needles
Armour
 g - a +2 hat (worn)
 K - a +0 cloak (worn)
 N - a +1 robe of magic resistance (worn)
Jewellery
 q - a ring of protection from fire (left hand)
 r - a ring of protection from magic (right hand)
 C - an uncursed amulet of harm
 D - an uncursed ring of fire
 F - an uncursed ring of wizardry
 R - an uncursed ring of positive energy
Wands
 b - a wand of enslavement (14/24)
 c - a wand of polymorph (7/24)
 o - a wand of paralysis (2/24)
 v - a wand of polymorph (12/24)
 I - a wand of disintegration (13/24)
 O - a wand of iceblast (6/15)
 S - a wand of iceblast (10/15)
Scrolls
 p - 2 scrolls of recharging
 t - a scroll of blinking
 w - 2 scrolls of remove curse
 y - 4 scrolls of teleportation
 H - a scroll of amnesia
Potions
 f - a potion of agility
 h - 3 potions of curing
 i - 2 potions of lignification
 j - 4 potions of haste
 k - 2 potions of flight
 m - 2 potions of cancellation
 s - a potion of magic {unknown}
 z - 2 potions of might {unknown}
 A - a potion of resistance {unknown}
 B - a potion of ambrosia {unknown}
Books
 u - a book of Changes

   Spells                             Type                      Level
   a - Beastly Appendage              Transmutation                1
   b - Sticks to Snakes               Transmutation                2
   c - Spider Form                    Transmutation/Poison         3
   d - Ice Form                       Ice/Transmutation            4
   e - Blade Hands                    Transmutation                5
 E - a book of Maledictions

   Spells                             Type                      Level
   a - Corona                         Hexes                        1
   b - Ensorcelled Hibernation        Hexes/Ice                    2
   c - Confuse                        Hexes                        3
   d - Tukima's Dance                 Hexes                        3
   e - Dazzling Spray                 Conjuration/Hexes            3
 G - a book of Minor Magic

   Spells                             Type                      Level
   a - Magic Dart                     Conjuration                  1
   b - Blink                          Translocation                2
   c - Call Imp                       Summoning                    2
   d - Slow                           Hexes                        2
   e - Conjure Flame                  Conjuration/Fire             3
   f - Mephitic Cloud                 Conjuration/Poison/Air       3
Comestibles
 d - 7 bread rations
 L - 2 royal jellies


   Skills:
 + Level 5.0 Fighting
 - Level 5.0 Short Blades
 - Level 2.7 Armour
 + Level 8.4 Dodging
 + Level 17.1 Stealth
 + Level 8.2 Spellcasting
 + Level 9.1 Hexes


You had 9 spell levels left.
You knew the following spells:

 Your Spells              Type           Power        Failure   Level  Hunger
a - Ensorcelled Hibernat  Hex/Ice        ####..       1%          2    None
b - Corona                Hex            #####..      1%          1    None
c - Confuse               Hex            #####...     1%          3    None
d - Tukima's Dance        Hex            #####...     1%          3    None
e - Dazzling Spray        Conj/Hex       ####..       4%          3    None
f - Blink                 Tloc           N/A          14%         2    None
g - Mephitic Cloud        Conj/Pois/Air  #.......     28%         3    None


Dungeon Overview and Level Annotations

Branches:
Dungeon (10/15)            Temple (1/1) D:7            Lair (0/6) D:9
    Orc: D:9-12

Altars:
Ashenzari
Cheibriados
Dithmenos
Elyvilon
Fedhas
Gozag
Hepliaklqana
Kikubaaqudgha
Makhleb
Nemelex Xobeh
Okawaru
Qazlal
Ru
Sif Muna
Trog
Uskayaw
Vehumet
Wu Jian
Xom
Yredelemnul
Zin
The Shining One

Shops:
D:5 %   D:10 (

Annotations:
D:7 Joseph


Innate Abilities, Weirdness & Mutations

You are very small and have problems with some larger weapons.
You are too small for most types of armour.
You have supernaturally acute eyesight. (SInv)
You are a herbivore.
You cover ground extremely quickly.
You need consume almost no food.


Message History

The stone giant shouts!
Unknown command.
There is an open door here.
You feel agile all of a sudden.
Cast which spell? (? or * to list)
Aiming: Confuse
Press: ? - help, Shift-Dir - straight line, f - iron dragon
Aim: an iron dragon (almost dead, umbra, chance to defeat MR: 0%)
Okay, then.
Casting: Confuse
Confirm with . or Enter, or press ? or * to list all spells.
Aiming: Dazzling Spray
Press: ? - help, Shift-Dir - straight line, f - iron dragon
Aim: an iron dragon (almost dead, umbra)
The spray of energy hits the iron dragon.
The iron dragon is almost dead.
The iron dragon breathes metal splinters at you.
The spray of metal splinters hits you!
Ouch! That really hurt!
You die...

########+###+######.....P...P#
.......... +.....P...P#
.......... #.........P#
.......... #...).PPPPP#
.......... #.........##
.......... ##########......##
.......# #........#.....##
.......+ #........#.....#
.......#...#....@...##....#
.......#...#...####D##....#
#'######.. #...#.D..##....#
#.......####...#.C..##....#
+..#....#..#)..#}|###....<#
#..#....'..'[..#:[ #.....#
#.......#..##########.....#
...∩....#.....#####.......#
.....##.####'##.....###...#


You could see an iron dragon.

Vanquished Creatures
  A centaur warrior (D:9)
  3 two-headed ogres
  Erica (D:9)
  Nergalle (D:10)
  A deep elf mage (D:10)
  Maurice (D:8)
  A hornet (D:8)
  Grinder (D:6)
  2 hippogriffs
  Menkaure (D:7)
  2 black bears
  2 sky beasts
  An orc warrior (D:8)
  2 phantoms
  6 ogres
  3 big kobolds
  A crocodile (D:9)
  7 bullfrogs
  8 gnoll sergeants (Bailey)
  A water moccasin skeleton (D:7)
  3 scorpions
  11 killer bees
  10 wights
  3 howler monkeys
  A jelly (D:7)
  2 crimson imps
  7 gnoll shamans
  7 hounds
  9 orc wizards
  10 orc priests
  Jessica (D:2)
  2 bullfrog skeletons
  An iguana (D:6)
  10 worker ants
  A killer bee zombie (D:7)
  2 hound zombies
  3 hound skeletons
  A howler monkey skeleton (D:10)
  17 gnolls
  14 adders
  A shadow imp (D:8)
  An ooze (D:1)
  A worm (D:6)
  2 dart slugs
  4 leopard geckos
  21 orcs
  6 ball pythons
  6 giant cockroaches
  18 goblins
  8 hobgoblins
  13 jackals
  22 kobolds
  2 quokkas
  5 bats
  12 frilled lizards
  A jackal skeleton (D:8)
  A leopard gecko skeleton (D:5)
  A quokka zombie (D:9)
  12 rats
  2 fungi (D:10)
  2 plants (Sewer)
302 creatures vanquished.

Vanquished Creatures (collateral kills)
  A wight (D:9)
  2 gnolls (Bailey)
  An orc (D:4)
4 creatures vanquished.

Vanquished Creatures (others)
  A dancing weapon (Bailey)
1 creature vanquished.

Grand Total: 307 creatures vanquished

Notes
Turn   | Place    | Note
-------+----------+-------------------------------------------
     0 | D:1      | Bleys the Spriggan Enchanter began the quest for the Orb.
     0 | D:1      | Reached XP level 1. HP: 9/9 MP: 5/5
   299 | D:1      | Reached XP level 2. HP: 12/13 MP: 1/7
   303 | D:1      | Learned a level 2 spell: Ensorcelled Hibernation
  1078 | D:1      | Reached XP level 3. HP: 16/16 MP: 3/9
  1083 | D:1      | Learned a level 3 spell: Confuse
  1087 | D:1      | Learned a level 3 spell: Tukima's Dance
  1594 | D:2      | Noticed Jessica
  1600 | D:2      | Killed Jessica
  1600 | D:2      | Reached XP level 4. HP: 21/21 MP: 11/11
  2068 | D:2      | Reached skill level 5 in Hexes
  2197 | D:2      | Found a deep blue altar of Sif Muna.
  2593 | D:3      | Reached skill level 5 in Stealth
  3108 | D:3      | Reached skill level 6 in Stealth
  3108 | D:3      | Reached XP level 5. HP: 24/24 MP: 12/12
  3696 | D:3      | Reached skill level 7 in Stealth
  4275 | D:4      | Reached skill level 8 in Stealth
  4275 | D:4      | Reached XP level 6. HP: 28/28 MP: 13/13
  4298 | D:4      | Learned a level 3 spell: Dazzling Spray
  4481 | D:4      | Reached skill level 9 in Stealth
  5123 | D:4      | Found a stormy altar of Qazlal.
  5171 | D:4      | Reached skill level 10 in Stealth
  5174 | D:4      | Reached XP level 7. HP: 32/32 MP: 14/14
  6225 | D:4      | Reached skill level 11 in Stealth
  6489 | D:5      | Entered Level 5 of the Dungeon
  6986 | D:5      | Found a blossoming altar of Fedhas.
  7290 | D:5      | Found Totosudd's Food Shoppe.
  7293 | D:5      | Reached skill level 12 in Stealth
  7545 | D:6      | Found a basalt altar of Yredelemnul.
  7545 | D:6      | Found a radiant altar of Vehumet.
  7545 | D:6      | Found a shimmering altar of Xom.
  7708 | D:6      | Noticed Grinder
  7735 | D:6      | Killed Grinder
  7735 | D:6      | Reached skill level 13 in Stealth
  7735 | D:6      | Reached XP level 8. HP: 26/36 MP: 10/15
  7831 | D:6      | Found a sacrificial altar of Ru.
  7929 | D:6      | Found a hide-covered altar of Uskayaw.
  8054 | D:6      | Reached skill level 14 in Stealth
  8086 | D:6      | Found a glowing drain.
  8091 | Sewer    | Entered a sewer
  8991 | D:6      | Found a glowing golden altar of the Shining One.
  9372 | D:7      | Found a staircase to the Ecumenical Temple.
  9402 | Temple   | Entered the Ecumenical Temple
  9480 | Temple   | Became a worshipper of Dithmenos the Shadowed
  9515 | D:7      | Reached skill level 15 in Stealth
  9626 | D:7      | Reached skill level 1 in Fighting
  9975 | D:7      | Found a hazy altar of Hepliaklqana.
  9975 | D:7      | Found an iron altar of Okawaru.
 10019 | D:7      | Noticed a hippogriff
 10026 | D:7      | Killed a hippogriff
 10026 | D:7      | Reached skill level 1 in Armour
 10026 | D:7      | Reached XP level 9. HP: 42/42 MP: 17/17
 10050 | D:7      | Learned a level 2 spell: Blink
 10054 | D:7      | Learned a level 3 spell: Mephitic Cloud
 10068 | D:7      | Noticed Menkaure
 10079 | D:7      | Killed Menkaure
 10079 | D:7      | Reached skill level 5 in Spellcasting
 10106 | D:7      | Found a snail-covered altar of Cheibriados.
 10106 | D:7      | Noticed Joseph
 10188 | D:8      | Noticed a two-headed ogre
 10195 | D:8      | Killed a two-headed ogre
 10195 | D:8      | Reached * piety under Dithmenos
 10265 | D:8      | Noticed Maurice
 10659 | D:8      | Found a flagged portal.
 10688 | Bailey   | Entered a bailey
 11503 | Bailey   | Reached XP level 10. HP: 49/49 MP: 17/20
 11559 | Bailey   | Reached ** piety under Dithmenos
 11938 | Bailey   | Reached skill level 16 in Stealth
 12206 | D:8      | Killed Maurice
 12443 | D:8      | Found a shattered altar of Ashenzari.
 12531 | D:8      | Reached skill level 5 in Short Blades
 13193 | D:9      | Noticed a centaur warrior
 13210 | D:9      | Killed a centaur warrior
 13210 | D:9      | Reached skill level 5 in Dodging
 13252 | D:9      | Reached *** piety under Dithmenos
 13301 | D:9      | Noticed Erica
 13308 | D:9      | Killed Erica
 14420 | D:9      | Found a staircase to the Lair.
 14619 | D:9      | Found a sparkling altar of Nemelex Xobeh.
 14672 | D:9      | Reached XP level 11. HP: 52/54 MP: 20/23
 14961 | D:9      | Noticed a two-headed ogre
 14965 | D:9      | Killed a two-headed ogre
 15007 | D:9      | Reached **** piety under Dithmenos
 15236 | D:10     | Entered Level 10 of the Dungeon
 15238 | D:10     | Noticed Nergalle
 15243 | D:10     | Killed Nergalle
 15356 | D:10     | Found Lida's Weapon Shoppe.
 15413 | D:10     | Noticed a deep elf mage
 15413 | D:10     | Noticed a two-headed ogre
 15882 | D:10     | Reached skill level 17 in Stealth
 15965 | D:10     | Killed a deep elf mage
 16017 | D:10     | Killed a two-headed ogre
 16017 | D:10     | Reached skill level 5 in Fighting
 16027 | D:10     | Noticed an iron dragon
 16027 | D:10     | Noticed a stone giant
 16035 | D:10     | Killed from afar by an iron dragon

Vault maps used:
D:1:      nicolae_arrival_somewhat_less_tricky_arrival, amethyst_killhole
D:2:      lemuel_blue_sif_altar, uniq_jessica
D:3:      cheibrodos_helix_gallery, first_bread
D:4:      grunt_qazlal_clouds
D:5:      basic_altar, serial_shops, shop, kennysheep_generic_room_10
D:6:      marbit_many_paths, lemuel_round_altar, grunt_temple_overflow_open,
          basic_altar, gup_sewer_entry_bowl, minmay_misc_feat_alley,
          uniq_grinder
D:7:      nicolae_overflow_hidden_temple, amethyst_overflow_temple_binary,
          minmay_temple_entry_large_hall, uniq_joseph, uniq_menkaure
D:8:      old_standard_altar, serial_column_ruins, column_ruins_hut,
          column_ruins_open_medium, column_ruins_open_tiny,
          column_ruins_columns_straight, column_ruins_columns_dead_end,
          enter_bailey_3, uniq_maurice
D:9:      lair_entry_dummy, grunt_ogre_cave, nemelex_lonely_heart_becter,
          uniq_erica
D:10:     minmay_shrinking_squares, serial_shops, nicolae_shop_behind_doors,
          shop, shop, shop, shop, grunt_ministairs_3, minmay_gold_behind_fungi,
          uniq_nergalle
Temple:   jpeg_temple_clearing
Sewer:    sewer_co_scattered_pipes
Bailey:   bailey_polearm_gnolls_kennysheep, bailey

Skill      XL: |  1  2  3  4  5  6  7  8  9 10 11 |
---------------+----------------------------------+-----
Spellcasting   | 3 4 6 7 8 |  8.2
Hexes          | 4 5 7 8 9 |  9.1
Stealth        | 6 8 10 13 15 16 17 | 17.1
Fighting       | 1 3 4 5 |  5.0
Short Blades   | 2 4 5 |  5.0
Armour         | 1 2 |  2.7
Dodging        | 7 8 |  8.4

Action                   |  1- 3 |  4- 6 |  7- 9 | 10-12 || total
-------------------------+-------+-------+-------+-------++-------
Melee: Dagger            |    91 |   144 |   339 |   398 ||   972
Throw: Throwing net      |       |       |    12 |     3 ||    15
 Cast: Corona            |     6 |       |       |       ||     6
       Ensorcelled Hiber |    18 |    18 |    27 |    30 ||    93
       Confuse           |       |     7 |    41 |    29 ||    77
       Tukima's Dance    |       |     1 |     5 |     1 ||     7
       Dazzling Spray    |       |       |       |     1 ||     1
Invok: Shadow Step       |       |       |       |     2 ||     2
Evoke: Wand              |       |       |     2 |       ||     2
  Use: Scroll            |     2 |     9 |     8 |     3 ||    22
       Potion            |       |     2 |     5 |     1 ||     8
 Stab: Sleeping          |    14 |    25 |    51 |    44 ||   134
       Distracted        |       |     2 |       |     3 ||     5
       Confused          |       |       |    10 |    15 ||    25
       Held in net/web   |       |       |     6 |     3 ||     9
       Paralysed         |       |       |     1 |       ||     1
  Eat: Bread ration      |       |     1 |     1 |     1 ||     3
       Royal jelly       |       |       |     1 |       ||     1
Armor: Robe              |    17 |    12 |    35 |    28 ||    92
Dodge: Dodged            |    71 |    93 |   248 |   337 ||   749
